 Dungeon Crawl Stone Soup version 0.18.1-48-g4cf74bf (webtiles) character file.

590 Lolow the Archer (level 7, 0/45 HPs)
             Began as a High Elf Hunter on Aug 7, 2016.
             Was a Follower of Makhleb.
             Slain by an ogre
             ... wielding a +0 giant spiked club
              (9 damage)
             ... on level 5 of the Dungeon.
             The game lasted 00:22:15 (3967 turns).

Lolow the Archer (High Elf Hunter)                  Turns: 3967, Time: 00:22:15

Health: 0/45       AC:  6    Str: 11    XL:     7   Next: 16%
Magic:  8/8        EV: 12    Int: 15    God:    Makhleb [*.....]
Gold:   187        SH:  0    Dex: 18    Spells: 0 memorised, 6 levels left

rFire  . . .     SeeInvis .     b - +0 short sword
rCold  . . .     Gourm    .     g - +1 ring mail
rNeg   . . .     Faith    .     (no shield)
rPois  .         Spirit   .     (no helmet)
rElec  .         Dismiss  .     (no cloak)
rCorr  .         Reflect  .     (no gloves)
SustAt .         Harm     .     (no boots)
MR     .....                    (no amulet)
Stlth  +.........               (no ring)
                                (no ring)

@: not resistant to hostile enchantments, very unstealthy
A: no striking features
a: Renounce Religion


You were on level 5 of the Dungeon.
You worshipped Makhleb.
Makhleb was aware of your devotion.
You were hungry.

You visited 1 branch of the dungeon, and saw 5 of its levels.

You collected 187 gold pieces.

Inventory:

Hand Weapons
 a - a +1 shortbow
 b - a +0 short sword (weapon)
Missiles
 d - 45 arrows
 e - 140 stones (quivered)
Armour
 c - a +0 leather armour
 g - a +1 ring mail (worn)
Jewellery
 r - an uncursed amulet of regeneration {unknown}
Wands
 t - a wand of slowing (26/48)
 B - a wand of polymorph (7/24)
Scrolls
 i - a scroll of blinking {unknown}
 k - 2 scrolls of enchant armour
 n - a scroll of enchant weapon {unknown}
 p - a scroll of identify {unknown}
 v - a scroll of remove curse {unknown}
 x - a scroll of magic mapping {unknown}
 y - a scroll of immolation {unknown}
Potions
 h - 2 potions of cure mutation {unknown}
 j - a potion of flight {unknown}
 l - a potion of beneficial mutation {unknown}
 m - a potion of cancellation {unknown}
 o - a potion of invisibility {unknown}
 q - 2 potions of magic {unknown}
 w - 2 potions of ambrosia {unknown}
 z - a potion of agility {unknown}
Comestibles
 f - 2 bread rations
 s - a beef jerky
 u - a slice of pizza


   Skills:
 + Level 2.6 Fighting
 + Level 1.7 Short Blades
 + Level 9.3 Bows
 + Level 2.3 Armour
 + Level 3.8 Dodging
 + Level 1.6 Stealth


You had 6 spell levels left.
You didn't know any spells.

Dungeon Overview and Level Annotations

Branches:
Dungeon (5/15)             Temple (0/1) D:5

Altars:
Cheibriados
Makhleb
Xom
The Shining One

Shops:
D:5 [


Message History

The ogre is heavily wounded.
The ogre closely misses you.
You hit the ogre but do no damage.
The ogre is heavily wounded.
You hit the ogre but do no damage.
The ogre is heavily wounded.
The ogre closely misses you.
You hit the ogre.
The ogre is severely wounded.
The ogre hits you with a giant spiked club.
* * * LOW HITPOINT WARNING * * *
You hit the ogre.
The ogre is severely wounded.
You hit the ogre.
The ogre is almost dead.
The ogre barely misses you.
You barely miss the ogre.
The ogre is almost dead.
The ogre hits you with a giant spiked club!
You die...

####........##........
#......#+##.##........
#.####.#+##.##........
#...........##........
#...........#######...
#...........# ...
#...........# ..
#..........###########
#....@O...........†...
#####.............≈≈≈≈≈...
#...............≈≈≈≈≈≈≈≈≈.
#.###.######..≈≈≈≈≈≈≈≈≈≈≈≈
#.# #.# #.≈≈≈≈≈≈...≈≈≈≈
###+###'###
##.≈≈≈≈≈≈.>.....
#.........#
#..≈≈≈≈≈≈...≈≈≈≈
#.........#
#..≈≈≈≈≈≈≈≈≈≈≈≈≈
#.......∩.#
#...≈≈≈≈≈≈≈≈≈≈≈≈


You could see an ogre.

Vanquished Creatures
  Grinder (D:4)
  An ogre (D:4)
  A giant frog skeleton (D:4)
  2 hounds
  A worker ant (D:5)
  Robin (D:3)
  3 gnolls (D:2)
  5 adders
  2 oozes (D:3)
  An adder skeleton (D:4)
  4 worms
  3 dart slugs
  A giant gecko (D:1)
  6 orcs
  3 giant cockroaches
  14 goblins
  12 hobgoblins
  5 jackals (D:3)
  A quokka (D:2)
  A ball python (D:1)
  4 bats
  A giant gecko skeleton (D:4)
  6 giant newts
  10 kobolds
  5 rats
94 creatures vanquished.

Notes
Turn   | Place    | Note
--------------------------------------------------------------
     0 | D:1      | Lolow the High Elf Hunter began the quest for the Orb.
     0 | D:1      | Reached XP level 1. HP: 14/14 MP: 2/2
   228 | D:1      | Reached XP level 2. HP: 19/19 MP: 3/3
   304 | D:1      | Reached skill level 6 in Bows
   979 | D:2      | Found a shimmering altar of Xom.
  1020 | D:2      | Reached XP level 3. HP: 13/24 MP: 4/4
  1513 | D:2      | Reached XP level 4. HP: 24/29 MP: 5/5
  1519 | D:2      | Reached skill level 7 in Bows
  2226 | D:3      | Found a burning altar of Makhleb.
  2227 | D:3      | Found a snail-covered altar of Cheibriados.
  2236 | D:3      | Became a worshipper of Makhleb the Destroyer
  2358 | D:3      | Noticed Robin
  2403 | D:3      | Killed Robin
  2403 | D:3      | Reached skill level 1 in Armour
  2403 | D:3      | Reached XP level 5. HP: 17/34 MP: 6/6
  2751 | D:3      | Reached * piety under Makhleb
  2852 | D:3      | Noticed a phantom
  2867 | D:4      | Noticed an ogre
  2882 | D:4      | Killed an ogre
  2882 | D:4      | Reached skill level 8 in Bows
  3028 | D:4      | Reached XP level 6. HP: 37/39 MP: 7/7
  3317 | D:4      | Noticed Grinder
  3334 | D:4      | Killed Grinder
  3334 | D:4      | Reached skill level 1 in Short Blades
  3334 | D:4      | Reached skill level 9 in Bows
  3334 | D:4      | Reached XP level 7. HP: 25/45 MP: 8/8
  3472 | D:5      | Entered Level 5 of the Dungeon
  3879 | D:5      | Found Zuadas's Antique Armour Boutique.
  3904 | D:5      | Found a staircase to the Ecumenical Temple.
  3917 | D:5      | Found a glowing golden altar of the Shining One.
  3967 | D:5      | Slain by an ogre

Skill      XL: |  1  2  3  4  5  6 |
---------------+-------------------+-----
Bows           | 6 7 8 9 |  9.3
Armour         | 1 2 |  2.3
Dodging        | 3 |  3.8
Short Blades   | 1 |  1.7
Fighting       | |  2.6
Stealth        | |  1.6

Action                   |  1- 3 |  4- 6 |  7- 9 || total
-------------------------+-------+-------+-------++-------
Melee: Short sword       |     6 |   103 |    46 ||   155
 Fire: Shortbow          |   101 |   109 |     8 ||   218
Throw: Stone             |     2 |       |       ||     2
  Use: Scroll            |       |     2 |       ||     2
       Potion            |       |     1 |     1 ||     2
  Eat: Chunk             |     2 |     2 |       ||     4
       Bread ration      |       |     1 |       ||     1
Armor: Ring mail         |     5 |    35 |    12 ||    52
Dodge: Dodged            |     9 |    73 |    29 ||   111
